 Dungeon Crawl Stone Soup version 0.30-a0-459-g9104f0fc43 (webtiles) character file.

Game seed: 16832808604747358938

51 NinjaNoafa the Gusty (level 3, 0/19 HPs)
             Began as a Tengu Air Elementalist on Dec 15, 2022.
             Slain by an adder (2 damage)
             ... on level 2 of the Dungeon.
             The game lasted 00:02:01 (1155 turns).

NinjaNoafa the Gusty (Tengu Air Elementalist)       Turns: 1155, Time: 00:02:02

Health: 0/19       AC:  2    Str:  8    XL:     3   Next: 81%
Magic:  2/8        EV: 12    Int: 17    God:
Gold:   60         SH:  0    Dex: 14    Spells: 4/7 levels left

rFire   . . .      SeeInvis .    (no weapon)
rCold   . . .      Faith    .    (no shield)
rNeg    . . .      Spirit   .    a - +0 robe
rPois   .          Reflect  .    (helmet restricted)
rElec   .          Harm     .    (no cloak)
rCorr   .          Rampage  .    (no gloves)
Will    .....                    (boots unavailable)
Stlth   ++........               (no amulet)
HPRegen 0.23/turn                (no ring)
MPRegen 0.11/turn                (no ring)

@: flying
A: beak, talons 3
a: no special abilities


You were on level 2 of the Dungeon.
You visited 1 branch of the dungeon, and saw 2 of its levels.

You collected 60 gold pieces.

Inventory:

Missiles
 f - 5 curare-tipped darts
 g - a stone
 j - 5 boomerangs
Armour
 a - a +0 robe (worn)
Scrolls
 c - a scroll of poison {unknown}
 h - 3 scrolls of identify {unknown}
Potions
 b - a potion of magic
 e - a potion of heal wounds {unknown}
 i - a potion of might {unknown}


   Skills:
 - Level 2.1 Dodging
 - Level 2.0 Stealth
 + Level 2.7 Spellcasting
 + Level 2.9 Conjurations
 + Level 4.8 Air Magic


You had 4 spell levels left.
You knew the following spells:

 Your Spells              Type           Power      Damage    Failure   Level
a - Shock                 Conj/Air       60%        1d6       3%          1
b - Static Discharge      Conj/Air       30%        2-4/arc   5%          2

Your spell library contained the following spells:

 Spells                   Type           Power      Damage    Failure   Level
 Swiftness                Air            18%        N/A       8%          3
 Scorch                   Fire           4%         2d5       26%         2
 Airstrike                Air            9%         2d(2-18)  26%         4
 Flame Wave               Conj/Fire      7%         2d5       69%         4
 Summon Cactus Giant      Summ           1%         N/A       100%        6


Dungeon Overview and Level Annotations

Branches:
Dungeon (2/15)

Altars:


Innate Abilities, Weirdness & Mutations

You have a beak for a mouth.
You have claws for feet.


Message History

Press: ? - help, Shift-Dir - straight line, f - adder, p - adder
Aim: an adder (53% to hit)
The zap misses the jackal.
The zap hits the kobold but does no damage.
The zap hits the adder.
The adder is moderately wounded.
The zap hits the adder.
The adder is heavily wounded.
The jackal bites you.
* * * LOW HITPOINT WARNING * * *
The bat hits you but does no damage. The jackal closely misses you.
The bat hits you but does no damage. The jackal closely misses you.
The bat hits you.
* * * LOW HITPOINT WARNING * * *
You hit the bat but do no damage. You peck the bat, but do no damage.
You punch the bat.
The bat is severely wounded.
The bat completely misses you. The jackal closely misses you. x2
Casting: Shock (safe; 3% risk of failure)
Confirm with . or Enter, or press ? or * to list all spells.
The bat is struck by an arc of lightning.
You kill the bat!
You are struck by an arc of lightning.
* * * LOW HITPOINT WARNING * * *
The jackal is struck by an arc of lightning.
The jackal is severely wounded.
The kobold is struck by an arc of lightning.
You kill the kobold!
The lightning grounds out.
The jackal is struck by an arc of lightning.
You kill the jackal!
You are struck by an arc of lightning.
* * * LOW HITPOINT WARNING * * *
You see here a bat corpse.
Okay, then.
You aren't carrying any items that you can evoke.
It was a potion of flight.
You feel very buoyant.
You fly up into the air.
The adder misses you. The adder bites you.
You die...

######..........##........
#.##.+..........##........
###.##.#..........##........
#...#<......########........
####.#.#.####### #.S......
..##.#.#.# ######........
..##.#†#.#########...K.S.......
..'..#.#.#.......#.###.........
..####...#.#####@#h# #.......#+
..########.# #S#S# #######.#
..'........# #S#S# #
..########## ##h#†# ..# #....#
..# ###### ###


You could see 2 adders and a jackal.

Vanquished Creatures
  Natasha (D:2)
  4 endoplasms
  A giant cockroach (D:1)
  2 goblins
  4 hobgoblins
  2 jackals (D:2)
  2 ball pythons (D:1)
  3 bats
  3 frilled lizards (D:1)
  A kobold (D:2)
  A rat (D:1)
24 creatures vanquished.

Notes
Turn   | Place    | Note
-------+----------+-------------------------------------------
     0 | D:1      | NinjaNoafa the Tengu Air Elementalist began the quest for
                  | the Orb.
     0 | D:1      | Reached XP level 1. HP: 10/10 MP: 4/4
   151 | D:1      | Found a faded altar of an unknown god.
   514 | D:1      | Reached XP level 2. HP: 15/15 MP: 4/6
   915 | D:2      | Learned a level 2 spell: Static Discharge
  1062 | D:2      | Noticed Natasha
  1093 | D:2      | Killed Natasha
  1094 | D:2      | Reached XP level 3. HP: 19/19 MP: 4/8
  1155 | D:2      | Slain by an adder

Illustrated notes

Levels and vault maps discovered:
D:1:      amcnicky_arrival_blooded_trapdoor, layout_loops_cross,
          basic_ecumenical_altar
D:2:      layout_basic, basic_altar, minmay_small_reverse_x, uniq_natasha,
          uniq_jessica

Skill      XL: |  1  2 |
---------------+-------+-----
Conjurations   | 2 |  2.9
Dodging        | |  2.1
Stealth        | |  2.0
Spellcasting   | |  2.7
Air Magic      | |  4.8

Action                   || total
-------------------------++-------
Melee: Unarmed           ||     5
       Peck              ||     2
       Kick              ||     2
       Punch             ||     1
 Cast: Shock             ||    40
       Static Discharge  ||     5
  Use: Potion            ||     1
Armor: Robe              ||    16
Dodge: Dodged            ||    37

Table legend: (Time is in decaauts)
 A = Elapsed time spent in this place.
 B = Non-inter-level travel time spent in this place.
 C = Inter-level travel time spent in this place.
 D = Time resting spent in this place.
 E = Time spent auto-exploring this place.
 F = Levels seen in this place.
 G = Mean time per level.
                   A        B        C        D        E       F      G
               +--------+--------+--------+--------+--------+-----+--------+
         Total |   1154 |   1146 |      8 |      0 |    979 |   2 |  577.0 |
       Dungeon |   1154 |   1146 |      8 |      0 |    979 |   2 |  577.0 |
               +--------+--------+--------+--------+--------+-----+--------+

Top non-repeatable levels by time:
     D:1: 889 daAuts
     D:2: 265 daAuts
